 Dungeon Crawl Stone Soup version 0.29-a0-506-ga2e7fffb44 (webtiles) character file.

Game seed: 9358010534319025036

3553 spaghetti the Grappler (level 10, -7/82 HPs)
             Began as a Vine Stalker Berserker on May 28, 2022.
             Was a Priest of Trog.
             Mangled by a wraith (12 damage)
             ... on level 9 of the Dungeon.
             The game lasted 00:11:25 (7233 turns).

spaghetti the Grappler (Vine Stalker Berserker)     Turns: 7233, Time: 00:11:26

Health: -7/82      AC:  3    Str: 23    XL:     10   Next: 9%
Magic:  0/11       EV: 14    Int:  7    God:    Trog [***...]
Gold:   348        SH:  3    Dex: 15    Spells: 9/9 levels left

rFire   . . .      SeeInvis .     - Unarmed
rCold   . . .      Faith    +   E - +0 buckler
rNeg    . . .      Spirit   +   x - +0 robe of Death Resistance {Regen+}
rPois   .          Reflect  .   v - +0 helmet
rElec   .          Harm     .   N - scarf {repulsion}
rCorr   .          Rampage  .   (no gloves)
Will    +++..                   (no boots)
Stlth   ..........              B - amulet of faith {!P}
HPRegen 2.83/turn               (no ring)
MPRegen 0.12/turn               (no ring)

@: berserking, strong-willed, regenerating, slowed, repel missiles
A: fangs 3, regeneration 1, magic shield, antimagic bite, no potion heal 2
a: Renounce Religion, Berserk, Trog's Hand


You were on level 9 of the Dungeon.
You worshipped Trog.
Trog was most pleased with you.
You visited 1 branch of the dungeon, and saw 9 of its levels.

You collected 425 gold pieces.
You spent 77 gold pieces at shops.


Innate Abilities, Weirdness & Mutations

You have razor-sharp teeth.
Your natural rate of healing is unusually fast.
When hurt, damage is shared between your health and your magic reserves.
Your bite disrupts and absorbs the magic of your enemies.
Potions cannot restore your health.


   Skills:
 + Level 7.5 Fighting
 + Level 4.2 Throwing
 - Level 2.3 Armour
 + Level 6.5 Dodging
 + Level 8.2 Unarmed Combat


You had 9 spell levels left.
You didn't know any spells.
Your spell library contained the following spells:

 Spells                   Type           Power      Damage    Failure   Level
 Apportation              Tloc           0%         N/A       54%         1
 Magic Dart               Conj           0%         1d3       54%         1
 Necrotize                Necr           0%         1d4       54%         1
 Summon Small Mammal      Summ           0%         N/A       54%         1
 Call Imp                 Summ           0%         N/A       67%         2
 Ensorcelled Hibernation  Hex/Ice        0%         N/A       67%         2
 Passwall                 Tmut/Erth      0%         N/A       67%         2
 Scorch                   Fire           0%         2d5       67%         2
 Call Canine Familiar     Summ           0%         N/A       88%         3
 Mephitic Cloud           Conj/Pois/Air  0%         N/A       88%         3
 Portal Projectile        Hex/Tloc       0%         N/A       88%         3
 Swiftness                Air            0%         N/A       88%         3
 Flame Wave               Conj/Fire      0%         2d4       99%         4
 Leda's Liquefaction      Hex/Erth       0%         N/A       99%         4
 Summon Cactus Giant      Summ           0%         N/A       100%        6

Inventory:

Missiles
 d - 351 stones (quivered) {throwing}
 f - a throwing net {=f!fthrowing}
 p - 2 boomerangs {throwing}
 s - 5 curare-tipped darts {=fthrowing}
 w - 18 poisoned darts {throwing}
 y - a boomerang of dispersal {=f!fthrowing}
 M - 5 atropa-tipped darts {throwing}
Armour
 v - a +0 helmet (worn)
   (You found it on level 3 of the Dungeon)
 x - the +0 robe of Death Resistance (worn) {Regen+}
   (You bought it in a shop on level 1 of the Dungeon)

   Regen:     It increases your rate of health regeneration.
 E - a +0 buckler (worn)
   (You found it on level 4 of the Dungeon)
 N - a scarf of repulsion (worn)
   (You found it on level 7 of the Dungeon)
Jewellery
 a - a ring of see invisible
   (You found it on level 3 of the Dungeon)
 i - an amulet of regeneration {@e2}
   (You found it on level 6 of the Dungeon)
 B - an amulet of faith (around neck) {!P}
   (You found it on level 9 of the Dungeon)
Wands
 K - a wand of polymorph (7)
   (You found it on level 6 of the Dungeon)
 L - a wand of iceblast (7)
   (You found it on level 6 of the Dungeon)
Scrolls
 b - a scroll of torment {!r}
 e - 2 scrolls of enchant weapon
 h - a scroll of amnesia
 j - a scroll of fog
 l - 4 scrolls of magic mapping {!r}
 m - a scroll of blinking {!r}
 n - 4 scrolls of poison {!r}
 q - a scroll of brand weapon
 r - 2 scrolls of teleportation {@r4}
 A - a scroll of vulnerability {!r!r}
 C - a scroll of immolation {!r!r}
 G - a scroll of acquirement {unknown}
Potions
 c - 4 potions of curing {@q1}
 g - 2 potions of berserk rage {unknown}
 k - 3 potions of brilliance {unknown}
 o - 3 potions of mutation {unknown}
 t - a potion of flight {unknown}
 u - a potion of magic {unknown}
 z - 3 potions of attraction {unknown}
 D - 2 potions of lignification {unknown}
 F - a potion of haste {unknown}
 I - a potion of degeneration {unknown}
 J - a potion of might {unknown}

Dungeon Overview and Level Annotations

Branches:
Dungeon (9/15)             Temple (0/1) D:7
   Lair: D:8-11         Orc: D:9-12

Altars:
Cheibriados
Makhleb
Okawaru
Qazlal
Vehumet

Shops:
D:1 [   D:3 [

Annotations:
D:7 3 runed translucent doors, hquester's ghost, novice TrFi
D:9 Gastronok

#......# #######
####..###.# #####.......
........#.###...#.......
####..#.#)))..#.#.......
#..#.#..)..#'#.......
#..#.##...#.)........
####..#.##...#..(.......
......#.##...#...>......
####.##.######..@w......
...#.# .# #...W......
##.#.# #..........
.#.#.# #...#...###
...#.## #...#...#
......# #...#...#
#.#...# ##+##...#
#.#...# ..# #.#...#


You could see Gastronok (magic disrupted) and a wraith.


Message History

You kill the orc wizard!
Trog accepts your kill.
Trog appreciates your killing of a magic user. 😕 HP[+2]
You regained 2 hp, and now have 51/55 hp.
Items here: ) [[ †. 😕 HP[+1]
d - 350 stones {throwing} (gained 1)
Things that are here:
a +0 trident {polearm}; a +0 chain mail 😎 HP[+3] MP[+1]
Your hp is fully restored (55).
Your mp is fully restored (11).
d - 351 stones {throwing} (gained 1)
A wraith comes into view.
Gastronok the Ponderous comes into view.
He is wearing a +2 hat of willpower.
Gastronok gurgles horribly!
Gastronok is buffeted by a sudden breeze.
The wraith closely misses you.
You closely miss the wraith. Your bite misses the wraith.
The wraith misses you.
You punch the wraith! You block the wraith's attack.
You barely miss the wraith. You bite the wraith! You drain its power.
The wraith hits you! 😕 HP[-9] MP[-2]
You take 9 damage, and now have 46/55 hp.
You lost 2 mp, and now have 9/11 mp.
You are too injured to fight recklessly!
You are too injured to fight recklessly!
You are too injured to fight recklessly!
You are too injured to fight recklessly!
You are too injured to fight recklessly!
You are too injured to fight recklessly!
You are too injured to fight recklessly!
You are too injured to fight recklessly!
You are too injured to fight recklessly!
You are too injured to fight recklessly!
You are too injured to fight recklessly!
You are too injured to fight recklessly!
You are too injured to fight recklessly!
You are too injured to fight recklessly!
You are too injured to fight recklessly!
Unknown command.
You hit the wraith but do no damage. The wraith hits you.
The wraith drains your vigour!
You feel yourself slow down.
Unknown command.
Your skin crawls.
You feel strong-willed. The wraith hits you!
The wraith completely misses you. 😕 HP[-4] MP[-2]
You take 4 damage, and now have 42/55 hp.
You lost 2 mp, and now have 7/11 mp.
Unknown command.
Unknown command.
A red film seems to cover your vision as you go berserk!
You feel yourself moving faster!
You feel mighty! The wraith misses you. 😕 HP[+25]
You now have 82 max hp (+27).
You regained 25 hp, and now have 67/82 hp.
You closely miss the wraith. The wraith hits you.
Gastronok waves his eye-stalks in wide circles.
The air twists around and strikes you!! 😮 HP[-18] MP[-2]
You take 18 damage, and now have 49/82 hp.
MASSIVE DAMAGE!! (PAUSE)
You lost 2 mp, and now have 5/11 mp.
Unknown command.
You punch Gastronok! You bite Gastronok.
Gastronok's magic leaks into the air.
You drain his magic.
You feel invigorated. The wraith hits you! 😮 HP[-3]
You take 3 damage, and now have 46/82 hp.
You hit Gastronok. You bite Gastronok!
Gastronok's magic leaks into the air.
You drain his magic.
You feel invigorated. The wraith closely misses you.
Gastronok sloshes about.
Gastronok bites you!!
* * * LOW HITPOINT WARNING * * *
😱 HP[-28] MP[-2]
You take 28 damage, and now have 18/82 hp.
MASSIVE DAMAGE!! (PAUSE)
You lost 2 mp, and now have 3/11 mp.
Unknown command.
You punch Gastronok! You bite Gastronok.
Gastronok's magic leaks into the air.
You drain his magic.
You feel invigorated. The wraith hits you.
* * * LOW HITPOINT WARNING * * *
The wraith drains your vigour!
You feel as though you will be slow longer.
You barely miss Gastronok. You bite Gastronok!
Gastronok's magic leaks into the air.
You drain his magic.
You feel invigorated. The wraith misses you.
Gastronok falters for a moment. 😨 HP[+3] MP[+8]
You regained 3 hp, and now have 21/82 hp.
Your mp is fully restored (11).
You punch Gastronok! You bite Gastronok.
Gastronok's magic leaks into the air.
You drain his magic. The wraith misses you. 😨 HP[+2]
You regained 2 hp, and now have 23/82 hp.
You pummel Gastronok!! Gastronok bites you!!
* * * LOW HITPOINT WARNING * * *
The wraith hits you!
You die...

Skill      XL: |  1  2  3  4  5  6  7  8  9 10 |
---------------+-------------------------------+-----
Fighting       | 3 4 5 6 7 |  7.5
Armour         | 2 |  2.3
Dodging        | 2 3 4 5 6 |  6.5
Unarmed Combat | 4 5 6 8 |  8.2
Throwing       | 1 3 4 |  4.2

Action                   |  1- 3 |  4- 6 |  7- 9 | 10-12 || total
-------------------------+-------+-------+-------+-------++-------
Melee: Unarmed           |   108 |   156 |   268 |    34 ||   566
       Bite              |    23 |    40 |    81 |    16 ||   160
       Punch             |     4 |     4 |       |       ||     8
Throw: Stone             |       |       |       |     6 ||     6
Invok: Berserk           |       |     3 |     5 |     1 ||     9
       Trog's Hand       |       |       |     6 |     1 ||     7
  Use: Scroll            |       |       |    17 |       ||    17
 Stab: Sleeping          |     1 |     3 |       |       ||     4
Armor: Animal skin       |    15 |     9 |       |       ||    24
       Robe              |       |    36 |    34 |     2 ||    72
Dodge: Dodged            |    54 |   130 |   148 |    20 ||   352
       Repelled          |       |       |     1 |       ||     1
Block: Buckler           |       |       |    32 |     4 ||    36

Levels and vault maps discovered:
D:1:      scummos_arrival_star, layout_loops_corners, serial_shops, shop,
          dreamdust_ecumenical_altar_drowned_temple, minmay_misc_feat_plants
D:2:      layout_loops_ring
D:3:      layout_basic, serial_shops, nicolae_shop_hallway_plus
D:4:      layout_basic, grunt_temple_overflow_lords_of_destruction,
          serial_bayou_ford_a, uniq_eustachio, uniq_blork_the_orc
D:5:      layout_basic, mainiacjoe_overflow_catwalk
D:6:      layout_gridville, mainiacjoe_overflow_tiny_flanked, serial_rivers,
          chequers_serial_rivers_room_a, chequers_serial_rivers_micro_c,
          chequers_serial_rivers_large_a, chequers_serial_rivers_small_3,
          chequers_serial_rivers_large_b, chequers_serial_rivers_small_b,
          hangedman_decor_diamond_cutter, st_stairs_11
D:7:      layout_gridville, old_standard_altar,
          minmay_temple_entry_statues_pillars, gammafunk_ghost_split
D:8:      layout_rooms, mainiacjoe_overflow_large_starburst, serial_shops,
          kennysheep_little_box, shop, serial_bayou_pond_a
D:9:      layout_basic, uniq_gastronok, uniq_pikel, uniq_grum, uniq_erica

Notes
Turn   | Place    | Note
-------+----------+-------------------------------------------
     0 | D:1      | spaghetti the Vine Stalker Berserker began the quest for
                  | the Orb.
     0 | D:1      | Reached XP level 1. HP: 11/11 MP: 2/2
     0 | D:1      | magus.rc [v1.9.6]
    37 | D:1      | Found Jecveekh's Armour Emporium.
   128 | D:1      | Found a faded altar of an unknown god.
   305 | D:1      | Reached XP level 2. HP: 16/16 MP: 3/3
  1447 | D:2      | Reached skill level 3 in Fighting
  1485 | D:2      | Reached XP level 3. HP: 20/20 MP: 4/4
  1538 | D:2      | Reached skill level 2 in Armour
  1538 | D:2      | Reached skill level 2 in Dodging
  2296 | D:2      | Reached ** piety under Trog
  2297 | D:2      | Gained mutation: Your natural rate of healing is unusually
                  | fast. [Vine Stalker growth]
  2297 | D:2      | Reached XP level 4. HP: 24/24 MP: 5/5
  2320 | D:2      | You pick up a book of Cantrips {forbidden} and begin
                  | reading...
  2320 | D:2      | You add the spells Necrotize, Summon Small Mammal and
                  | Apportation to your library.
  2658 | D:3      | Found Qaurr's Armour Emporium.
  3217 | D:1      | Bought the +0 robe of Death Resistance {Regen+} for 77 gold
                  | pieces
  3471 | D:4      | Noticed Eustachio
  3498 | D:4      | Killed Eustachio
  3499 | D:4      | Reached skill level 4 in Fighting
  3499 | D:4      | Reached skill level 3 in Dodging
  3499 | D:4      | Reached skill level 4 in Unarmed Combat
  3499 | D:4      | Reached XP level 5. HP: 27/29 MP: 6/6
  3499 | D:4      | Reached XP level 6. HP: 31/33 MP: 7/7
  3563 | D:4      | Found a burning altar of Makhleb.
  3563 | D:4      | Found a radiant altar of Vehumet.
  3736 | D:4      | You pick up a book of Burglary {forbidden} and begin
                  | reading...
  3736 | D:4      | You add the spells Passwall, Ensorcelled Hibernation and
                  | Swiftness to your library.
  3913 | D:4      | Noticed Blork the orc
  3927 | D:4      | Killed Blork the orc
  3928 | D:4      | Reached XP level 7. HP: 33/38 MP: 8/8
  3969 | D:4      | Reached skill level 5 in Unarmed Combat
  4237 | D:5      | Entered Level 5 of the Dungeon
  4302 | D:5      | Found a stormy altar of Qazlal.
  4717 | D:5      | Reached skill level 5 in Fighting
  4717 | D:5      | Reached skill level 4 in Dodging
  4836 | D:5      | Gained mutation: You have razor-sharp teeth. [Vine Stalker
                  | growth]
  4836 | D:5      | Reached XP level 8. HP: 43/43 MP: 9/9
  4977 | D:6      | Reached skill level 6 in Unarmed Combat
  5056 | D:6      | You pick up a book of Scorching {forbidden} and begin
                  | reading...
  5056 | D:6      | You add the spells Scorch, Flame Wave and Summon Cactus
                  | Giant to your library.
  5080 | D:6      | You pick up a book of the Hunter {forbidden} and begin
                  | reading...
  5080 | D:6      | You add the spells Call Canine Familiar, Portal Projectile
                  | and Leda's Liquefaction to your library.
  5401 | D:6      | Found a snail-covered altar of Cheibriados.
  5504 | D:6      | Reached *** piety under Trog
  5544 | D:6      | Reached skill level 6 in Fighting
  5544 | D:6      | Reached skill level 5 in Dodging
  5661 | D:6      | You pick up a book of Minor Magic {forbidden} and begin
                  | reading...
  5661 | D:6      | You add the spells Magic Dart, Call Imp and Mephitic Cloud
                  | to your library.
  5911 | D:7      | Found an iron altar of Okawaru.
  6002 | D:7      | Reached skill level 1 in Throwing
  6119 | D:7      | Noticed hquester's ghost (novice TrFi)
  6123 | D:7      | Noticed a wyvern
  6151 | D:7      | Found a runed translucent gate.
  6151 | D:7      | Found a runed translucent gate.
  6308 | D:7      | Reached XP level 9. HP: 38/48 MP: 8/10
  6404 | D:7      | Found a staircase to the Ecumenical Temple.
  6407 | D:7      | Found a runed translucent gate.
  6470 | D:7      | You pick up a book of the Hunter {forbidden} and begin
                  | reading...
  6649 | D:7      | Reached skill level 7 in Unarmed Combat
  6664 | D:7      | Reached skill level 2 in Throwing
  6858 | D:8      | HP: 13/66 [orc warrior/+0 long sword (12)]
  6870 | D:8      | HP: 9/47 [orc warrior/+0 long sword (10)]
  6973 | D:9      | Noticed Grum
  6992 | D:9      | Killed Grum
  7069 | D:9      | Reached skill level 3 in Throwing
  7076 | D:9      | Reached skill level 7 in Fighting
  7076 | D:9      | Reached skill level 6 in Dodging
  7106 | D:9      | Reached skill level 8 in Unarmed Combat
  7106 | D:9      | Reached XP level 10. HP: 31/55 MP: 6/11
  7111 | D:9      | Reached skill level 4 in Throwing
  7217 | D:9      | Noticed Gastronok
  7229 | D:9      | HP: 18/82 [Gastronok (30)]
  7233 | D:9      | HP: 5/82 [Gastronok (21)]
  7233 | D:9      | Mangled by a wraith

Vanquished Creatures
  Eustachio (D:4)
  A wyvern (D:9)
  6 yaks (D:9)
  Grum (D:9)
  A steam dragon (D:7)
  2 water moccasins
  An orc warrior (D:8)
  An ice beast (D:7)
  2 wolves (D:9)
  A phantom (D:5)
  Blork the orc (D:4)
  A kobold brigand (D:7)
  2 bullfrogs (D:7)
  5 scorpions
  3 wights (D:8)
  3 jellies
  A crimson imp (D:4)
  4 hounds
  5 iguanas
  8 orc wizards
  9 adders
  A shadow imp (D:5)
  2 white imps
  3 ufetubi
  4 worms
  A dart slug (D:1)
  10 orcs
  12 ball pythons
  5 endoplasms
  5 giant cockroaches
  7 goblins
  9 hobgoblins
  5 quokkas
  A bat (D:2)
  2 frilled lizards
  11 kobolds
  2 rats
  A spectral goblin (D:1)
140 creatures vanquished.

Table legend:
 A = Non-vault XP
 B = Vault XP
 C = Vault XP percentage of total XP
 D = Non-vault monster count
 E = Vault monster count
 F = Vault count percentage of total count
                 A         B        C        D         E       F
            +---------+---------+-------+---------+---------+-------
      Total |    4175 |     902 |  17.8 |     130 |      10 |   7.1
            +---------+---------+-------+---------+---------+-------
        D:1 |      24 |       1 |   4.0 |      13 |       1 |   7.1
        D:2 |      61 |       0 |   0.0 |      17 |       0 |   0.0
        D:3 |      72 |       0 |   0.0 |      19 |       0 |   0.0
        D:4 |     187 |     362 |  65.9 |      24 |       3 |  11.1
        D:5 |     703 |       0 |   0.0 |      12 |       0 |   0.0
        D:6 |     421 |     120 |  22.2 |       8 |       3 |  27.3
        D:7 |     697 |       0 |   0.0 |      16 |       0 |   0.0
        D:8 |     427 |       0 |   0.0 |       6 |       0 |   0.0
        D:9 |    1583 |     419 |  20.9 |      15 |       3 |  16.7
            +---------+---------+-------+---------+---------+-------

Illustrated notes

Table legend:
 A = Kills in this place as a percentage of kills in entire the game.
 B = Kills by you in this place as a percentage of kills by you in the entire game.
 C = Kills by friends in this place as a percentage of kills by friends in the entire game.
 D = Other kills in this place as a percentage of other kills in the entire game.
 E = Experience gained in this place as a percentage of experience gained in the entire game.
 F = Experience gained in this place divided by the number of levels of this place that you have seen.
                   A       B       C       D       E      F
               +-------+-------+-------+-------+-------+----------------------
         Total | 100.0 | 100.0 |   N/A |   N/A | 100.0 | 564.1
       Dungeon | 100.0 | 100.0 |   N/A |   N/A | 100.0 | 564.1
               +-------+-------+-------+-------+-------+----------------------

Table legend: (Time is in decaauts)
 A = Elapsed time spent in this place.
 B = Non-inter-level travel time spent in this place.
 C = Inter-level travel time spent in this place.
 D = Time resting spent in this place.
 E = Time spent auto-exploring this place.
 F = Levels seen in this place.
 G = Mean time per level.
                   A        B        C        D        E       F      G
               +--------+--------+--------+--------+--------+-----+--------+
         Total |   7336 |   6868 |    468 |     52 |   5636 |   9 |  815.1 |
       Dungeon |   7336 |   6868 |    468 |     52 |   5636 |   9 |  815.1 |
               +--------+--------+--------+--------+--------+-----+--------+

Top non-repeatable levels by time:
     D:1: 1479 daAuts
     D:2: 1151 daAuts
     D:6: 977 daAuts
     D:7: 878 daAuts
     D:3: 851 daAuts
     D:4: 795 daAuts
     D:5: 742 daAuts
     D:9: 374 daAuts
     D:8: 85 daAuts
